 Dungeon Crawl Stone Soup version 0.24-a0-789-g35933f4585 (webtiles) character file.

Game seed: 3341982173871134073, levelgen mode: deterministic

21748 Johnny the Geomancer (level 12, 0/103 HPs)
             Began as a Demigod Earth Elementalist on Oct 9, 2019.
             Slain by Rupert
             ... wielding a +2 great mace of protection
              (32 damage)
             ... on level 13 of the Dungeon.
             The game lasted 00:17:07 (11349 turns).

Johnny the Geomancer (Demigod Earth Elementalist)  Turns: 11349, Time: 00:17:08

Health: 0/103      AC: 10    Str: 11    XL:     12   Next: 26%
Magic:  9/37       EV: 23    Int: 23    God:
Gold:   388        SH:  4    Dex: 16    Spells: 15/27 levels left

rFire    + . .     SeeInvis .   c - +6 spear of Eqaehu {protect, rF+ MR+ MP+9 Int-4}
rCold    + . .     Gourm    .   (no shield)
rNeg     . . .     Faith    .   H - +0 troll leather armour
rPois    .         Spirit   .   J - +0 hat
rElec    .         Reflect  .   s - scarf {cloud immunity}
rCorr    .         Harm     .   (no gloves)
MR       ++...                  (no boots)
Stlth    ++........             v - amulet of the acrobat
HPRegen  0.67/turn              o - +4 ring of protection
MPRegen  0.25/turn              a - +5 ring of evasion

@: no status effects
A: antennae 1, icy blue scales 1, large bone plates 1, cold resistance 1, high
mp 1
a: no special abilities


You were on level 13 of the Dungeon.
You were very hungry.

You visited 1 branch of the dungeon, and saw 13 of its levels.

You collected 628 gold pieces.
You spent 240 gold pieces at shops.

Inventory:

Hand Weapons
 c - the +6 spear of Eqaehu (weapon) {protect, rF+ MR+ MP+9 Int-4}
   (You bought it in a shop on level 5 of the Dungeon)

   It grants its wielder temporary protection when it strikes (+7 to AC).
   It affects your intelligence (-4).
   It protects you from fire.
   It affects your resistance to hostile enchantments.
   It affects your magic capacity (+9).
Missiles
 b - 33 stones (quivered)
Armour
 s - a scarf of cloud immunity (worn)
 H - a +0 troll leather armour (worn)
 J - a +0 hat (worn)
Jewellery
 a - a +5 ring of evasion (right hand)
 f - an uncursed ring of protection from cold
 n - an uncursed ring of poison resistance
 o - a +4 ring of protection (left hand)
 u - an uncursed ring of positive energy
 v - an amulet of the acrobat (around neck)
 y - an uncursed ring of flight
 C - an uncursed ring of protection from magic {unknown}
Wands
 w - a wand of enslavement (9)
 E - a wand of random effects (16)
 G - a wand of polymorph (12)
 K - a wand of flame (12)
 M - a wand of scattershot (2)
 Q - a wand of acid (6)
Scrolls
 k - a scroll of blinking
 m - 3 scrolls of fog
 q - 4 scrolls of remove curse
 r - 7 scrolls of teleportation
 A - 4 scrolls of enchant armour {unknown}
 F - a scroll of magic mapping {unknown}
 I - 2 scrolls of vulnerability {unknown}
 N - 2 scrolls of holy word {unknown}
Potions
 e - 2 potions of mutation
 h - 4 potions of curing
 i - a potion of heal wounds
 j - a potion of cancellation
 l - a potion of brilliance
 p - 2 potions of haste
 t - 2 potions of invisibility
 x - 2 potions of agility
 D - a potion of lignification {unknown}
 L - 2 potions of degeneration {unknown}
 P - a potion of ambrosia {unknown}
Comestibles
 d - 20 rations
 z - 5 chunks of flesh


   Skills:
 + Level 8.7 Fighting
 + Level 9.0 Dodging
 - Level 1.7 Stealth
 + Level 8.3 Spellcasting
 - Level 0.8 Transmutations
 * Level 12.4 Earth Magic


You had 15 spell levels left.
You knew the following spells:

 Your Spells              Type           Power        Failure   Level  Hunger
a - Sandblast             Erth           ######       1%          1    None
b - Passwall              Tmut/Erth      #####...     1%          2    None
c - Lee's Rapid Deconstr  Erth           ######....   1%          5    #####..
d - Petrify               Tmut/Erth      #####...     6%          4    ##.....

Your spell library contained the following spells:

 Spells                   Type           Power        Failure   Level  Hunger
 Stone Arrow              Conj/Erth      #####.       1%          3    None
 Beastly Appendage        Tmut           ##....       6%          1    None
 Animate Skeleton         Necr           N/A          9%          1    None
 Apportation              Tloc           #.....       9%          1    None
 Confusing Touch          Hex            #.....       9%          1    None
 Corona                   Hex            #......      9%          1    None
 Freeze                   Ice            #...         9%          1    None
 Summon Small Mammal      Summ           #...         9%          1    None
 Sticks to Snakes         Tmut           ##......     10%         2    None
 Call Imp                 Summ           #.......     14%         2    None
 Ensorcelled Hibernation  Hex/Ice        #.....       14%         2    None
 Throw Frost              Conj/Ice       #.....       14%         2    None
 Spider Form              Tmut/Pois      ##........   22%         3    None
 Call Canine Familiar     Summ           #.......     26%         3    None
 Confuse                  Hex            #.......     26%         3    None
 Dazzling Spray           Conj/Hex       #.....       26%         3    None
 Ozocubu's Armour         Chrm/Ice       #.......     26%         3    None
 Summon Guardian Golem    Hex/Summ       #.......     26%         3    None
 Tukima's Dance           Hex            #.......     26%         3    None
 Ice Form                 Ice/Tmut       ##......     58%         4    ##.....
 Summon Ice Beast         Ice/Summ       #.......     65%         4    ##.....
 Summon Lightning Spire   Summ/Air       #.......     65%         4    ##.....
 Throw Icicle             Conj/Ice       #.......     65%         4    ##.....
 Blade Hands              Tmut           ##........   86%         5    #####..


Dungeon Overview and Level Annotations

Branches:
Dungeon (13/15)            Temple (0/1) D:4            Lair (0/6) D:10
    Orc (0/2) D:12
 Vaults: D:13-14

Shops:
D:4 =   D:5 (   D:11 [=%}   D:13 [

Annotations:
D:11 2 transporters, Noepsesu's ghost, journeyman MiBe
D:13 Rupert


Innate Abilities, Weirdness & Mutations

You have an increased reservoir of magic. (+10% MP)
You have a pair of small antennae on your head.
You are partially covered in icy blue scales. (AC +2)
You are partially covered in large bone plates. (SH +4)
Your flesh is cold resistant. (rC+)


Message History

Aiming: Lee's Rapid Deconstruction (safe; 1% risk of failure)
Press: ? - help, Dir - move target cursor A rock wall.
The wall shatters!
The blast of rock fragments hits Rupert!
Rupert is almost dead.
Rupert completely misses you. The soldier ant misses you.
Unknown command.
Unknown command.
Casting: Lee's Rapid Deconstruction (safe; 1% risk of failure)
Confirm with . or Enter, or press ? or * to list all spells.
Aiming: Lee's Rapid Deconstruction (safe; 1% risk of failure)
Press: ? - help, Dir - move target cursor A rock wall.
The wall shatters!
The blast of rock fragments hits Rupert!!
Rupert is almost dead.
You hear two shouts!
Rupert hits you with a +2 great mace of protection!!
You die...

..#########..... #...........#.#.
#...........#.#. #(..............
#...........#.#. ##)##########.##
.##########))# #. #
..........##)######## #.. #.#
........@.))).......##.## ...
#.##.......a@....(......#.... ...
...........(.#..........#....
...##............#..........#....
J...#............#..........#....
.........!.......#..........#....
.................#..........#....
...<.y...........#..........#....
....#............######.#####....


You could see Rupert (berserk) and a soldier ant.

Vanquished Creatures
  A hydra (D:13)
  Erica (D:11)
  A centaur warrior (D:13)
  4 two-headed ogres
  Urug (D:11)
  A wizard (D:11)
  2 ugly things
  A manticore (D:12)
  A cyclops (D:11)
  A gargoyle (D:12)
  A yaktaur (D:11)
  4 trolls
  4 hippogriffs
  A raiju (D:10)
  4 crocodiles
  A spriggan (D:7)
  2 wraiths (D:13)
  12 yaks
  Eustachio (D:4)
  2 hungry ghosts
  A basilisk (D:10)
  6 vampire mosquitoes
  An acid dragon (D:11)
  2 soldier ants
  3 porcupines (D:10)
  An ice beast (D:8)
  2 orc warriors
  3 black bears
  A necrophage (D:9)
  8 ogres
  2 sky beasts
  3 phantoms
  3 wolves (D:10)
  16 centaurs
  4 big kobolds
  5 bullfrogs
  2 wyvern skeletons
  3 scorpions
  6 killer bees (D:13)
  3 wights (D:11)
  5 howler monkeys
  7 crimson imps
  3 quasits
  2 bullfrog zombies
  4 centaur zombies
  7 hounds
  7 orc priests
  A bullfrog skeleton (D:5)
  11 orc wizards
  7 iguanas
  8 worker ants
  2 hound zombies (D:9)
  2 worker ant zombies
  3 gnolls (D:4)
  11 adders
  6 shadow imps
  An ooze (D:4)
  A worm (D:4)
  2 dart slugs
  4 leopard geckos
  46 orcs
  4 bats
  6 giant cockroaches
  2 goblins
  5 hobgoblins
  7 jackals
  3 quokkas
  4 frilled lizards
  17 kobolds
  2 rats (D:2)
311 creatures vanquished.

Vanquished Creatures (collateral kills)
  A jelly (D:10)
  A hound (D:10)
2 creatures vanquished.

Vanquished Creatures (others)
  An ugly thing (D:10)
  A kobold (D:9)
  A bush (D:10)
  5 fungi
  9 plants (D:10)
17 creatures vanquished.

Grand Total: 330 creatures vanquished

Notes
Turn   | Place    | Note
-------+----------+-------------------------------------------
     0 | D:1      | Johnny the Demigod Earth Elementalist began the quest for
                  | the Orb.
     0 | D:1      | Reached XP level 1. HP: 14/14 MP: 5/5
  1144 | D:2      | Reached XP level 2. HP: 10/22 MP: 5/7
  1251 | D:2      | Found a sparkling altar of Nemelex Xobeh.
  1312 | D:2      | Found a hazy altar of Hepliaklqana.
  1377 | D:2      | Reached skill level 3 in Earth Magic
  1729 | D:2      | Found an ancient bone altar of Kikubaaqudgha.
  2048 | D:3      | Reached skill level 1 in Fighting
  2048 | D:3      | Reached XP level 3. HP: 19/28 MP: 5/8
  2209 | D:3      | Noticed a scorpion
  2223 | D:3      | Killed a scorpion
  2223 | D:3      | Reached XP level 4. HP: 27/35 MP: 0/10
  2371 | D:3      | Noticed an ogre
  2378 | D:3      | Killed an ogre
  2378 | D:3      | Reached skill level 4 in Earth Magic
  2378 | D:3      | Reached XP level 5. HP: 41/41 MP: 5/11
  2815 | D:3      | Learned a level 2 spell: Passwall
  2858 | D:3      | Learned a level 4 spell: Petrify
  2930 | D:4      | Noticed a phantom
  2950 | D:4      | Killed a phantom
  2950 | D:4      | Reached XP level 6. HP: 46/48 MP: 2/13
  3000 | D:4      | Found an ornate altar of the Wu Jian Council.
  3028 | D:4      | Reached skill level 5 in Earth Magic
  3046 | D:4      | Found a staircase to the Ecumenical Temple.
  3101 | D:4      | Found a blossoming altar of Fedhas.
  3106 | D:4      | Found a stormy altar of Qazlal.
  3115 | D:4      | Noticed Eustachio
  3124 | D:4      | Killed Eustachio
  3124 | D:4      | Reached XP level 7. HP: 57/57 MP: 5/15
  3437 | D:4      | Found Zese's Jewellery Shoppe.
  3454 | D:4      | Found an ornate altar of the Wu Jian Council.
  3456 | D:4      | Found a glowing silver altar of Zin.
  3456 | D:4      | Found a shimmering altar of Xom.
  3458 | D:4      | Found an iron altar of Okawaru.
  3458 | D:4      | Found an opulent altar of Gozag.
  3458 | D:4      | Found a radiant altar of Vehumet.
  3610 | D:5      | Entered Level 5 of the Dungeon
  3626 | D:5      | Found a white marble altar of Elyvilon.
  3845 | D:5      | Found Esmurrah's Antique Weapon Emporium.
  3868 | D:5      | Reached skill level 6 in Earth Magic
  4185 | D:5      | Found a sacrificial altar of Ru.
  4445 | D:5      | Reached XP level 8. HP: 34/66 MP: 17/17
  4839 | D:6      | Found a bloodstained altar of Trog.
  4875 | D:6      | Found a stormy altar of Qazlal.
  5264 | D:7      | Reached skill level 7 in Earth Magic
  5306 | D:7      | Reached skill level 5 in Dodging
  5787 | D:7      | Learned a level 5 spell: Lee's Rapid Deconstruction
  5943 | D:8      | Reached XP level 9. HP: 73/73 MP: 6/20
  6355 | D:9      | Reached skill level 5 in Fighting
  6355 | D:9      | Reached skill level 5 in Spellcasting
  6355 | D:9      | Reached skill level 8 in Earth Magic
  6453 | D:9      | Noticed a two-headed ogre
  6500 | D:9      | Killed a two-headed ogre
  6894 | D:9      | Noticed a two-headed ogre
  7019 | D:9      | Reached skill level 9 in Earth Magic
  7025 | D:9      | Killed a two-headed ogre
  7025 | D:9      | Reached XP level 10. HP: 73/83 MP: 1/22
  7700 | D:5      | Bought a twisted spear for 240 gold pieces
  7700 | D:5      | Identified the +6 spear of Eqaehu {protect, rF+ MR+ MP+9
                  | Int-4} (You bought it in a shop on level 5 of the Dungeon)
  7797 | D:10     | Entered Level 10 of the Dungeon
  7996 | D:10     | Noticed a white ugly thing
  8025 | D:10     | Reached skill level 10 in Earth Magic
  8099 | D:10     | Gained mutation: You are partially covered in icy blue
                  | scales. (AC +2) [potion of mutation]
  8099 | D:10     | Gained mutation: Your flesh is cold resistant. (rC+)
                  | [potion of mutation]
  8099 | D:10     | Gained mutation: You are partially covered in large bone
                  | plates. (SH +4) [potion of mutation]
  8099 | D:10     | Gained mutation: You have a pair of small antennae on your
                  | head. [potion of mutation]
  8160 | D:10     | Found a staircase to the Lair.
  8727 | D:11     | Found Ishar's Jewellery Shoppe.
  8772 | D:11     | Found Duxtomut's Armour Shoppe.
  8783 | D:11     | Noticed a brown ugly thing
  8796 | D:11     | Killed a brown ugly thing
  8796 | D:11     | Reached XP level 11. HP: 65/92 MP: 13/25
  8922 | D:11     | Noticed Erica
  8923 | D:11     | Noticed a +4 great sword
  8925 | D:11     | Noticed a wizard
  8939 | D:11     | Killed a wizard
  8950 | D:11     | Killed Erica
  9096 | D:11     | Reached skill level 11 in Earth Magic
  9110 | D:11     | Found a transporter.
  9112 | D:11     | Noticed Noepsesu's ghost (journeyman MiBe)
  9133 | D:11     | Noticed an orc knight
  9140 | D:11     | an orc knight changed into a yaktaur
  9277 | D:11     | Found Methrept's Food Boutique.
  9293 | D:11     | Noticed Urug
  9306 | D:11     | Killed Urug
  9458 | D:11     | Identified the cursed +1 ring mail "Diwiut" {*Contam rElec
                  | rF+ rC+++}
  9621 | D:11     | Found a transporter.
  9959 | D:11     | Found Vobicetudd's Gadget Boutique.
 10200 | D:12     | Found a stormy altar of Qazlal.
 10387 | D:12     | Found a staircase to the Orcish Mines.
 10821 | D:13     | Noticed an ogre mage
 10822 | D:13     | Noticed a two-headed ogre
 10826 | D:13     | Noticed Rupert
 10907 | D:13     | Noticed a centaur warrior
 10913 | D:13     | Noticed a five-headed hydra
 10918 | D:13     | Killed a five-headed hydra
 10918 | D:13     | Noticed a two-headed ogre
 10922 | D:13     | Killed a two-headed ogre
 10922 | D:13     | Reached skill level 12 in Earth Magic
 10922 | D:13     | Reached XP level 12. HP: 97/103 MP: 19/28
 10927 | D:13     | Killed a centaur warrior
 11043 | D:13     | Found Cheibriados's Comfort Zone.
 11044 | D:13     | Found a snail-covered altar of Cheibriados.
 11349 | D:13     | Slain by Rupert

Levels and vault maps discovered:
D:1:      saegor_arrival_simple_c, layout_basic
D:2:      minmay_inner_zag, layout_basic, nemelex_xobeh_ov_fountains_minmay,
          kiku_gazebo_pond_becter, lemuel_round_altar
D:3:      layout_loops_ring, nrook_uturn, minmay_statues_item
D:4:      layout_loops_ring, grunt_temple_overflow_forces_of_nature,
          kennysheep_mini_moat, minmay_temple_entry_mist, serial_shops, shop,
          doesnt_xom_only_xom, uniq_eustachio
D:5:      layout_basic, nicolae_ru_the_path_less_chosen, first_ration,
          serial_shops, nicolae_shop_overgrown_old_shop, palyth_stone_intersect,
          elyvilon_altar_3
D:6:      layout_loops_ring, overflow_temple_1_default, basic_altar
D:7:      layout_rooms, the_bakery
D:8:      layout_basic
D:9:      layout_irregular_city, kennysheep_decorative_pillar,
          roderic_lattice_a, st_stairs_11
D:10:     layout_irregular_city, minmay_lair_entry_grove
D:11:     layout_basic, serial_shops, shop, nicolae_shop_behind_doors,
          kennysheep_little_box, nicolae_shop_temple_entry_statues_fountains,
          gammafunk_ghost_mausoleum, sword_in_stone
D:12:     layout_roguey, hiddenorc1_lemuel, roderic_roman_lattice,
          nicolae_qazlal_style_of_elements
D:13:     layout_basic, david_vaults_2, minmay_shop_chei, uniq_urug, uniq_rupert

Skill      XL: |  1  2  3  4  5  6  7  8  9 10 11 12 |
---------------+-------------------------------------+-----
Dodging        | 2 3 4 5 6 7 8 9 |  9.0
Earth Magic    | 3 4 5 6 7 9 10 12 | 12.4
Spellcasting   | 2 3 4 5 6 8 |  8.3
Fighting       | 1 2 3 4 6 7 8 |  8.7
Stealth        | |  1.7
Transmutations | |  0.8

Action                   |  1- 3 |  4- 6 |  7- 9 | 10-12 || total
-------------------------+-------+-------+-------+-------++-------
Melee: Unarmed           |    16 |       |       |       ||    16
       Hand axe          |    50 |    50 |    22 |       ||   122
       Whip              |       |       |   284 |    62 ||   346
       Spear             |       |       |       |   500 ||   500
 Cast: Sandblast         |    23 |    38 |    84 |   140 ||   285
       Lee's Rapid Decon |       |       |     9 |    53 ||    62
       Petrify           |       |       |       |     1 ||     1
Evoke: Wand              |       |       |     3 |    14 ||    17
       Sack of spiders   |       |       |       |     3 ||     3
  Use: Scroll            |     6 |       |     4 |     5 ||    15
       Potion            |       |       |     1 |     6 ||     7
 Stab: Sleeping          |     3 |     2 |     7 |     3 ||    15
       Distracted        |       |       |     1 |     1 ||     2
  Eat: Chunk             |     4 |     3 |    11 |    21 ||    39
       Ration            |       |       |     1 |     2 ||     3
Armor: Robe              |    19 |     6 |    53 |       ||    78
       Troll leather arm |       |       |     1 |   142 ||   143
Dodge: Dodged            |    72 |    62 |   402 |   724 ||  1260
Block: Other             |       |       |       |   112 ||   112

Table legend:
 A = Non-vault XP
 B = Vault XP
 C = Vault XP percentage of total XP
 D = Non-vault monster count
 E = Vault monster count
 F = Vault count percentage of total count
                 A         B        C        D         E       F
            +---------+---------+-------+---------+---------+-------
      Total |   23793 |    7276 |  23.4 |     271 |      43 |  13.7
            +---------+---------+-------+---------+---------+-------
        D:1 |      13 |       0 |   0.0 |       6 |       0 |   0.0
        D:2 |       8 |       3 |  27.3 |       6 |       2 |  25.0
        D:3 |     319 |       0 |   0.0 |      17 |       0 |   0.0
        D:4 |     527 |     196 |  27.1 |      24 |       1 |   4.0
        D:5 |     703 |       0 |   0.0 |      20 |       0 |   0.0
        D:6 |     273 |       0 |   0.0 |      11 |       0 |   0.0
        D:7 |    1004 |     205 |  17.0 |      17 |       1 |   5.6
        D:8 |     297 |       0 |   0.0 |       7 |       0 |   0.0
        D:9 |    2983 |    1302 |  30.4 |      37 |       5 |  11.9
       D:10 |    3116 |    1558 |  33.3 |      25 |      12 |  32.4
       D:11 |    5902 |    2815 |  32.3 |      46 |       4 |   8.0
       D:12 |    2422 |     282 |  10.4 |      16 |      17 |  51.5
       D:13 |    6226 |     915 |  12.8 |      39 |       1 |   2.5
            +---------+---------+-------+---------+---------+-------
